 Dungeon Crawl Stone Soup version 0.31-a0-112-gdf0485fa37 (webtiles) character file.

Game seed: 14334428989315557710

896 pokeman the Thaumaturge (level 7, 0/40 HPs)
             Began as a Deep Elf Hedge Wizard on May 28, 2023.
             Slain by a troll (13 damage)
             ... on level 5 of the Dungeon.
             The game lasted 00:07:31 (4629 turns).

pokeman the Thaumaturge (Deep Elf Hedge Wizard)     Turns: 4629, Time: 00:07:31

Health: 0/40       AC:  5    Str:  7    XL:     7   Next: 78%
Magic:  24/30      EV: 13    Int: 21    God:
Gold:   228        SH:  0    Dex: 14    Spells: 15/23 levels left

rFire   + . .        y - +3 quarterstaff (chaos)
rCold   . . .        (shield currently unavailable)
rNeg    . . .        b - +0 robe
rPois   .            g - +1 hat
rElec   .            q - +1 cloak
rCorr   .            (no gloves)
SInv    .            (no boots)
Will    .....        (no amulet)
Stlth   ++           f - ring of magical power
HPRegen 0.26/turn    w - ring of protection from fire
MPRegen 0.22/turn

%: no passive effects
@: no status effects
A: no striking features
a: no special abilities


You were on level 5 of the Dungeon.
You visited 1 branch of the dungeon, and saw 5 of its levels.

You collected 228 gold pieces.

Inventory:

Hand Weapons
 y - a +3 quarterstaff of chaos (weapon)
Armour
 b - a +0 robe (worn)
 g - a +1 hat (worn)
 q - a +1 cloak (worn)
Magical Staves
 v - a staff of earth
Jewellery
 f - a ring of magical power (left hand)
 u - an amulet of guardian spirit
 w - a ring of protection from fire (right hand)
Wands
 a - a wand of digging (3)
 x - a wand of paralysis (12)
Scrolls
 e - a scroll of amnesia {unknown}
 i - a scroll of summoning {unknown}
 l - 4 scrolls of identify {unknown}
 n - 2 scrolls of immolation {unknown}
 o - a scroll of enchant armour {unknown}
 r - a scroll of torment {unknown}
 t - a scroll of teleportation {unknown}
Potions
 c - a potion of resistance {unknown}
 d - a potion of magic
 h - 2 potions of curing {unknown}
 j - a potion of haste {unknown}
 k - a potion of enlightenment {unknown}
 m - 2 potions of degeneration {unknown}
 p - 2 potions of attraction {unknown}
 s - 2 potions of brilliance {unknown}
 z - a potion of might {unknown}


   Skills:
 - Level 2.1 Fighting
 + Level 1.4 Armour
 - Level 3.3 Dodging
 - Level 3.0 Stealth
 * Level 8.5 Spellcasting
 + Level 4.2 Conjurations
 - Level 2.2 Summonings
 - Level 1.1 Translocations
 - Level 1.2 Air Magic
 + Level 1.8 Earth Magic
 - Level 1.1 Poison Magic
 - Level 1.0 Evocations


You had 15 spell levels left.
You knew the following spells:

 Your Spells              Type           Power      Damage    Failure   Level
a - Magic Dart            Conj           100%       1d8       1%          1
b - Mephitic Cloud        Conj/Pois/Air  18%        N/A       10%         3
c - Call Imp              Summ           36%        N/A       4%          2
d - Blink                 Tloc           26%        N/A       8%          2

Your spell library contained the following spells:

 Spells                   Type           Power      Damage    Failure   Level
 Sting                    Tmut/Pois      44%        1d5       6%          1
 Poisonous Vapours        Pois/Air       26%        N/A       7%          2
 Freeze                   Ice            32%        1d5       8%          1
 Slow                     Hex            32%        N/A       8%          1
 Passwall                 Tmut/Erth      10%        N/A       8%          2
 Cigotuvi's Dreadful Rot  Necr/Pois/Air  24%        N/A       9%          2
 Hailstorm                Conj/Ice       17%        3d6       10%         3
 Ensorcelled Hibernation  Hex/Ice        16%        N/A       12%         2
 Swiftness                Air            14%        N/A       14%         3
 Frozen Ramparts          Ice            16%        1d3       22%         3
 Olgreb's Toxic Radiance  Pois           13%        N/A       43%         4


Dungeon Overview and Level Annotations

Branches:
Dungeon (5/15)
 Temple: D:4-7

Altars:
Okawaru

Annotations:
D:4 1 runed translucent door, MrSquiggles's ghost, novice MiFi


Message History

The troll seems less confused.
The hornet changes into a polar bear!
You bump into the rock wall.
You feel less confused. The troll closely misses you. The troll claws you! x2
The adder bites the polar bear but does no damage.
The polar bear changes into a tarantella!
The troll misses you. The troll claws you but does no damage.
The troll closely misses you. The troll bites you. The troll barely misses you.
The troll claws you but does no damage.
Casting: Mephitic Cloud (dangerous; 10% risk of failure)
Confirm with . or Enter, or press ? or * to list all spells.
Aiming: Mephitic Cloud (dangerous; 10% risk of failure)
Press: ? - help, Shift-Dir - straight line, f/p - tarantella
Aim: a tarantella shaped shifter (chance to affect: 62%)
The ball explodes into a vile cloud!
The stinking cloud engulfs the tarantella but does no damage.
The stinking cloud engulfs the troll but does no damage.
The tarantella is engulfed in noxious fumes.
The tarantella appears confused.
The troll is engulfed in noxious fumes.
The troll appears confused.
The troll wonders, "What am I doing in here?"
The troll closely misses you. The troll barely misses you. The troll claws you.
The tarantella is engulfed in noxious fumes.
Unknown command.
Unknown command.
You hit the troll but do no damage.
The troll seems to speed up.
The troll is engulfed in noxious fumes.
The troll appears confused.
The troll is engulfed in noxious fumes.
The troll bites you.
* * * LOW HITPOINT WARNING * * *
The troll claws you but does no damage. The troll closely misses you.
The adder is engulfed in noxious fumes.
The adder appears confused.
Unknown command.
You sock the troll! You burn the troll.
The troll is moderately wounded.
The troll is engulfed in noxious fumes.
The troll appears confused.
You sock the troll!
The troll looks as sick as possible!
The troll is heavily wounded.
The troll bites you!
You die...

#.#.#####...##....
#...#.#......#....
#................
#.....#.#........
#.S...#.#.......#
#######s.........##...
......#°##...........#
......T.# #......#..
......#@##.......#.##
#.#.#
#######....#....#..#
#.#.. #....##.#...>...
#.... #....### ..##. .
#....#######....# .##
# ####...).#.(.#.[...#
##
#........##.##...####
..........#)#.........
#....................#


You could see a troll (fast, confused, extremely poisoned), a tarantella shaped
shifter (confused) and an adder (confused).

Vanquished Creatures
  Sigmund (D:4)
  2 ogres
  A phantom (D:5)
  A scorpion (D:4)
  2 hounds
  Crazy Yiuf (D:4)
  An orc priest (D:4)
  2 iguanas (D:4)
  3 orc wizards (D:4)
  Natasha (thrice) (D:2)
  4 adders
  A worm (D:2)
  2 dart slugs
  9 orcs
  6 ball pythons
  3 bats
  11 endoplasms
  5 giant cockroaches
  3 goblins
  3 hobgoblins
  3 jackals (D:4)
  4 quokkas
  3 frilled lizards
  5 kobolds
  3 rats
82 creatures vanquished.

Vanquished Creatures (collateral kills)
  A ball python (D:2)
1 creature vanquished.

Grand Total: 83 creatures vanquished

Notes
Turn   | Place    | Note
-------+----------+-------------------------------------------
     0 | D:1      | pokeman the Deep Elf Hedge Wizard began the quest for the
                  | Orb.
     0 | D:1      | Reached XP level 1. HP: 10/10 MP: 7/7
   322 | D:1      | Reached XP level 2. HP: 10/16 MP: 1/9
   686 | D:1      | Reached skill level 5 in Spellcasting
  1087 | D:1      | Found a faded altar of an unknown god.
  1246 | D:2      | Reached XP level 3. HP: 20/20 MP: 11/11
  1262 | D:2      | Learned a level 3 spell: Mephitic Cloud
  1265 | D:2      | Learned a level 2 spell: Call Imp
  1268 | D:2      | Learned a level 2 spell: Blink
  1359 | D:2      | Reached skill level 1 in Armour
  1444 | D:2      | Reached skill level 1 in Fighting
  1553 | D:2      | Noticed Natasha
  1586 | D:2      | Killed Natasha
  1587 | D:2      | Reached XP level 4. HP: 4/25 MP: 13/13
  1887 | D:2      | Noticed Natasha
  1904 | D:2      | Killed Natasha
  2079 | D:2      | Noticed Natasha
  2088 | D:2      | Killed Natasha
  2089 | D:2      | Reached skill level 6 in Spellcasting
  2455 | D:3      | Noticed an ogre
  2464 | D:3      | Killed an ogre
  2465 | D:3      | Reached skill level 1 in Poison Magic
  2465 | D:3      | Reached XP level 5. HP: 29/29 MP: 15/15
  3177 | D:4      | Found a runed translucent door.
  3230 | D:4      | Reached XP level 6. HP: 10/34 MP: 16/17
  3313 | D:4      | Noticed MrSquiggles's ghost (novice MiFi)
  3353 | D:4      | Found an iron altar of Okawaru.
  3445 | D:4      | Reached skill level 7 in Spellcasting
  3445 | D:4      | Reached skill level 1 in Air Magic
  3744 | D:4      | Reached XP level 7. HP: 39/39 MP: 20/20
  3986 | D:4      | Found a runed translucent door.
  3987 | D:4      | Noticed Crazy Yiuf
  4002 | D:4      | Killed Crazy Yiuf
  4074 | D:4      | Noticed Sigmund
  4095 | D:4      | Killed Sigmund
  4096 | D:4      | Reached skill level 8 in Spellcasting
  4096 | D:4      | Reached skill level 1 in Earth Magic
  4096 | D:4      | Reached skill level 1 in Evocations
  4407 | D:5      | Entered Level 5 of the Dungeon
  4539 | D:5      | Noticed a troll
  4616 | D:5      | a centaur changed into a shapeshifter
  4616 | D:5      | Noticed a shapeshifter (shapeshifter)
  4616 | D:5      | a shapeshifter changed into a hornet
  4616 | D:5      | Noticed a hornet (shapeshifter)
  4622 | D:5      | a hornet changed into a polar bear
  4622 | D:5      | Noticed a polar bear (shapeshifter)
  4624 | D:5      | a polar bear changed into a tarantella
  4624 | D:5      | Noticed a tarantella (shapeshifter)
  4629 | D:5      | Slain by a troll

Illustrated notes

Levels and vault maps discovered:
D:1:      scummos_arrival_gate, layout_basic,
          shapermc_ecumenical_altar_hornbeckon
D:2:      cheibrodos_helix_gallery, layout_basic, uniq_natasha
D:3:      layout_loops_ring, hangedman_abyss_or_decor_stabs
D:4:      layout_cave_pools, mainiacjoe_overflow_brackets, serial_rivers,
          chequers_serial_rivers_room_b, chequers_serial_rivers_large_a,
          chequers_serial_rivers_small_b, chequers_serial_rivers_small_b,
          chequers_serial_rivers_small_3, ebering_ghost_sewer_d,
          hangedman_decor_slide_cut, corner_web_ring, uniq_sigmund,
          uniq_crazy_yiuf_cottage
D:5:      kennysheep_spiral_hall, layout_cave_pools, minmay_divided_ellipse,
          uniq_pikel

Skill      XL: |  1  2  3  4  5  6  7 |
---------------+----------------------+-----
Spellcasting   | 5 6 7 8 |  8.5
Armour         | 1 |  1.4
Fighting       | 1 2 |  2.1
Conjurations   | 2 3 4 |  4.2
Stealth        | 3 |  3.0
Dodging        | 3 |  3.3
Poison Magic   | 1 |  1.1
Air Magic      | 1 |  1.2
Summonings     | 2 |  2.2
Earth Magic    | 1 |  1.8
Evocations     | 1 |  1.0
Translocations | |  1.1

Action                     |  1- 3 |  4- 6 |  7- 9 || total
---------------------------+-------+-------+-------++-------
  Melee: Dagger            |     6 |    12 |       ||    18
         Punch             |     1 |       |       ||     1
         Quarterstaff      |       |       |     9 ||     9
   Cast: Magic Dart        |    91 |   118 |    34 ||   243
         Call Imp          |     2 |     1 |     1 ||     4
         Mephitic Cloud    |     1 |     5 |     5 ||    11
         Blink             |       |     2 |       ||     2
   Stab: Confused          |       |     1 |     1 ||     2
         Sleeping          |       |       |     1 ||     1
 Armour: Robe              |     5 |     3 |     7 ||    15
  Dodge: Dodged            |    22 |     8 |    15 ||    45

Table legend: (Time is in decaauts)
 A = Elapsed time spent in this place.
 B = Non-inter-level travel time spent in this place.
 C = Inter-level travel time spent in this place.
 D = Time resting spent in this place.
 E = Time spent auto-exploring this place.
 F = Levels seen in this place.
 G = Mean time per level.
                   A        B        C        D        E       F      G
               +--------+--------+--------+--------+--------+-----+--------+
         Total |   4653 |   4526 |    127 |    130 |   3830 |   5 |  930.6 |
       Dungeon |   4653 |   4526 |    127 |    130 |   3830 |   5 |  930.6 |
               +--------+--------+--------+--------+--------+-----+--------+

Top non-repeatable levels by time:
     D:1: 1248 daAuts
     D:4: 1247 daAuts
     D:2: 1195 daAuts
     D:3: 737 daAuts
     D:5: 223 daAuts
